Map: Deathaura LE

Players

Armani - Winner!

  • Race: Zerg Zerg
  • Spawn Location: 11:00

TLHarstem (Harstem)

  • Race: Protoss Protoss
  • Spawn Location: 5:00

Event: StayAtHomestory Cup #2

VOD

Have the link to the VOD?

Description

Time

  • Played on: June 11, 2020, 12:18 p.m.
  • Length: 6:31

All games in this series

Show
View Real Time Build Order
Export as new Build Order

Armani Zerg - Winner!

Build Orders: Hatch First 

Get SALT Encoding   

  12  0:00  Drone  
  13  0:12  Overlord  
  13  0:17  Drone  
  14  0:31  Drone x2  
  16  0:48  Hatchery  
  15  0:52  Drone  
  15  0:54  Drone  
  17  0:58  Drone  
  18  1:10  Extractor  
  17  1:13  Spawning Pool  
  17  1:16  Drone  
  17  1:19  Drone  
  18  1:28  Drone  
  19  1:41  Drone  
  20  1:49  Hatchery  
  20  1:53  Drone  
  20  2:01  Queen  
  20  2:05  Drone  
  20  2:08  Drone  
  24  2:17  Queen  
  26  2:23  Overlord  
  26  2:28  Metabolic Boost  
  26  2:31  Drone  
  26  2:33  Zergling x2  
  28  2:43  Zergling x4  
  30  2:45  Queen  
  30  2:51  Overlord  
  32  2:54  Zergling x2  
  33  2:58  Drone x2  
  33  3:00  Zergling x2  
  36  3:07  Queen  
  36  3:09  Drone  
  36  3:11  Drone  
  40  3:13  Drone  
  40  3:16  Drone  
  40  3:19  Drone  
  43  3:20  Drone  
  44  3:28  Spore Crawler  
  44  3:30  Drone x3  
  46  3:36  Queen  
  46  3:40  Spore Crawler  
  47  3:43  Drone  
  47  3:46  Drone  
  47  3:48  Overlord  
  48  4:02  Overlord  
  48  4:07  Drone  
  49  4:16  Overlord  
  49  4:20  Extractor x2  
  49  4:21  Drone  
  49  4:23  Drone  
  49  4:24  Drone x9  
  58  4:27  Overlord, Roach Warren  
  58  4:29  Overlord  
  58  4:30  Drone  
  58  4:39  Overlord x2  
  58  4:43  Overlord  
  55  5:07  Zergling x10  
  55  5:10  Roach  
  55  5:11  Roach x7  
  75  5:18  Roach x5  
  85  5:27  Zergling x12  
  88  5:34  Zergling x8  
  90  5:37  Ravager x3  
  90  5:38  Ravager  
  90  5:41  Zergling x4  
  96  5:44  Overlord  
  96  5:45  Ravager  
  97  5:51  Zergling x6  
  97  5:55  Zergling x6  
  102  5:59  Ravager  
  102  6:05  Ravager  
  102  6:06  Zergling x10  
  108  6:16  Ravager  
  113  6:30  Ravager  
Show
View Real Time Build Order
Export as new Build Order

TLHarstem Protoss 

Build Orders: 1 Gate Expand, Oracle Opening 

Get SALT Encoding   

  12  0:01  Probe  
  13  0:13  Probe  
  14  0:20  Pylon  
  14  0:25  Probe  
  15  0:34  Probe  
  15  0:38  Gateway  
  15  0:42  Probe  
  16  0:47  Assimilator  
  17  0:52  Probe  
  18  1:04  Probe  
  19  1:16  Probe  
  20  1:25  Nexus  
  20  1:35  Cybernetics Core  
  20  1:38  Probe  
  21  1:45  Assimilator  
  21  1:50  Probe  
  21  1:52  Pylon  
  22  2:01  Adept  
  22  2:02  Probe  
  23  2:14  Probe  
  26  2:21  Adept  
  26  2:24  Stargate  
  26  2:26  Probe  
  27  2:33  Probe  
  29  2:38  Probe  
  29  2:41  Probe  
  31  2:44  Warp Gate  
  31  2:50  Probe  
  33  2:51  Probe, Stalker  
  36  3:02  Probe  
  36  3:04  Probe  
  38  3:05  Oracle  
  38  3:06  Pylon  
  38  3:15  Probe  
  38  3:16  Probe  
  44  3:27  Probe  
  44  3:28  Probe  
  44  3:29  Gateway  
  45  3:34  Oracle  
  45  3:39  Probe  
  45  3:40  Probe  
  50  3:49  Pylon  
  50  3:51  Probe  
  50  3:52  Probe  
  51  4:03  Probe  
  51  4:04  Probe  
  53  4:12  Nexus  
  53  4:13  Probe, Pylon  
  53  4:15  Probe  
  55  4:18  Robotics Facility  
  55  4:21  Probe  
  55  4:24  Assimilator  
  55  4:27  Probe, Assimilator  
  55  4:30  Probe  
  57  4:34  Forge, Twilight Council  
  58  4:39  Probe  
  58  4:42  Adept x2, Probe  
  64  4:48  Pylon  
  64  4:51  Probe  
  65  4:55  Probe, Pylon  
  64  5:03  Probe  
  64  5:06  Sentry, Zealot  
  64  5:07  Probe  
  70  5:09  Observer  
  70  5:16  Probe  
  70  5:19  Probe  
  73  5:22  Immortal  
  73  5:25  Probe  
  73  5:28  Probe  
  75  5:31  Probe  
  75  5:33  Zealot  
  73  5:37  Oracle  
  73  5:38  Probe  
  73  5:41  Photon Cannon  
  74  5:43  Sentry, Shield Battery  
  74  5:48  Probe  
  80  5:50  Gateway  
  80  5:51  Probe  
  80  5:52  Gateway  
  80  5:53  Probe  
  82  6:00  Probe, Zealot  
  82  6:03  Probe  
  84  6:05  Probe  
  89  6:11  Photon Cannon  
  89  6:13  Sentry, Probe  
  89  6:16  Pylon  
  89  6:17  Probe  
  89  6:18  Probe  
  94  6:24  Zealot  
Tags
 
Add a new tag
Caveats
  • Supply blocks, unpowered buildings, or Contaminate may cause inaccurate times.
  • Supply counts are checked every 10 seconds.